 Dungeon Crawl Stone Soup version 0.28-a0-1447-ga5a8893891 (webtiles) character file.

Game seed: 2110732091754717537

7405 siradein the Thaumaturge (level 11, -1/82 HPs)
             Began as a Djinni Fire Elementalist on Jan 12, 2022.
             Was a High Priest of Makhleb.
             Killed from afar by an orc sorcerer (7 damage)
             ... with a bolt of fire
             ... on level 9 of the Dungeon.
             The game lasted 00:51:47 (11705 turns).

siradein the Thaumaturge (DjFE)                    Turns: 11705, Time: 00:51:47

Health: -1/82      AC:  8    Str: 11    XL:     11   Next: 36%
Gold:   521        EV: 22    Int: 32    God:    Makhleb [*****.] SH:  0 Dex: 18

rFire   + + .      SeeInvis .   h - +8 whip "Ohusa" {speed, Contam rCorr Int+7}
rCold   x . .      Faith    +   (no shield)
rNeg    . . .      Spirit   .   k - +4 robe of Augmentation {Str+4 Int+4 Dex+4}
rPois   ∞          Reflect  .   n - +0 helmet
rElec   .          Harm     .   s - +0 cloak
rCorr   +          Rampage  .   (no gloves)
Will    +....                   (boots unavailable)
Stlth   ++........              g - amulet of faith
HPRegen 0.23/turn               m - +4 ring of evasion
MPRegen 0.00/turn               (no ring)

@: flying, studying Axes
A: sickness immunity, fire resistance 2, cold vulnerability 1, float, innate
caster, hp casting, extra vitality 1
a: Renounce Religion, Minor Destruction, Lesser Servant of Makhleb, Major
Destruction, Greater Servant of Makhleb


You were on level 9 of the Dungeon.
You worshipped Makhleb.
Makhleb was extremely pleased with you.
You visited 1 branch of the dungeon, and saw 9 of its levels.

You collected 521 gold pieces.

Inventory:

Hand Weapons
 h - the +8 whip "Ohusa" (weapon) {speed, Contam rCorr Int+7}
   (You found it on level 8 of the Dungeon)

   Attacks with this weapon are significantly faster.
   Int:       It affects your intelligence (+7).
   Contam:    It causes magical contamination when unequipped.
   rCorr:     It protects you from acid and corrosion.
Missiles
 F - 2 throwing nets
Armour
 k - the +4 robe of Augmentation (worn) {Str+4 Int+4 Dex+4}
   (You found it on level 2 of the Dungeon)

   Str:       It affects your strength (+4).
   Int:       It affects your intelligence (+4).
   Dex:       It affects your dexterity (+4).
 n - a +0 helmet (worn)
 o - a +2 tower shield
 s - a +0 cloak (worn)
Jewellery
 g - an amulet of faith (around neck)
 m - a +4 ring of evasion (left hand)
Wands
 d - a wand of acid (9)
 D - a wand of iceblast (12)
Scrolls
 c - 3 scrolls of teleportation
 i - 2 scrolls of immolation
 l - a scroll of noise {unknown}
 r - 2 scrolls of fog
 t - a scroll of silence {unknown}
 u - 2 scrolls of enchant weapon {unknown}
 x - a scroll of acquirement {unknown}
 y - 2 scrolls of magic mapping {unknown}
 C - a scroll of brand weapon {unknown}
 E - a scroll of enchant armour {unknown}
Potions
 a - 5 potions of heal wounds
 b - a potion of berserk rage {unknown}
 e - 3 potions of curing
 f - a potion of degeneration {unknown}
 j - a potion of ambrosia {unknown}
 p - 3 potions of lignification {unknown}
 q - 2 potions of attraction {unknown}
 v - 4 potions of mutation {unknown}
 w - a potion of flight {unknown}
 A - a potion of brilliance {unknown}
 B - a potion of cancellation {unknown}


   Skills:
 + Level 8.4 Fighting
 + Level 9.5 Dodging
 - Level 1.5 Stealth
 * Level 9.6 Spellcasting


You had 3 spell levels left.
You knew the following spells:

 Your Spells              Type           Power      Damage    Failure   Level
a - Foxfire               Conj/Fire      100%       2x1d9     1%          1
b - Scorch                Fire           100%       2d10      1%          2
c - Conjure Flame         Conj/Fire      67%        6-21      1%          3
d - Inner Flame           Hex/Fire       67%        N/A       1%          3
e - Flame Wave            Conj/Fire      67%        2d10      1%          4
f - Sting                 Tmut/Pois      100%       1d8       1%          1
g - Static Discharge      Conj/Air       67%        N/A       1%          2
h - Tukima's Dance        Hex            67%        N/A       1%          3
i - Ozocubu's Armour      Ice            67%        N/A       1%          3
j - Animate Dead          Necr           33%        N/A       1%          4
Your spell library was empty.

Dungeon Overview and Level Annotations

Branches:
Dungeon (9/15)             Temple (0/1) D:5
   Lair: D:8-11         Orc: D:9-12

Altars:
Ashenzari
Cheibriados
Dithmenos
Gozag
Hepliaklqana
Makhleb
Nemelex Xobeh
Okawaru
Trog
Uskayaw
Vehumet
Wu Jian
Yredelemnul

Annotations:
D:9 3 runed translucent doors, sirJeffrey23's ghost, novice HOGl


Innate Abilities, Weirdness & Mutations

You are immune to sickness and miasma.
You are immune to poison.
Your flesh is very heat resistant. (rF++)
You are vulnerable to cold. (rC-)
You float through the air rather than walking.
You learn spells naturally, not from books.
Your magical power is your life essence.
You have superior vitality. (+4 MHP)


Message History

The foxfire hits the gnoll shaman!
The gnoll shaman is heavily wounded.
The foxfire hits the gnoll shaman!
The gnoll shaman is almost dead.
The orc sorcerer gestures wildly while chanting.
The gnoll shaman utters an invocation to its god.
The gnoll shaman is healed somewhat.
The orc priest begins to cast a cantrip, but forgets the words!
The gnoll shaman hits you but does no damage.
The kobold brigand hits the fungus with a +0 short sword.
Something hits the fungus. x2; Space warps around the fungus.
Casting: Foxfire (safe; 1% risk of failure)
Confirm with . or Enter, or press ? or * to list all spells.
You conjure some foxfire!
A nearby fungus withers and dies.
The foxfire hits the gnoll shaman.
The gnoll shaman is severely wounded.
The orc sorcerer mumbles some strange words.
The gnoll shaman calls upon its god to heal the gnoll shaman.
The gnoll shaman is healed somewhat.
The shadow strikes at you from the darkness!
* * * LOW HITPOINT WARNING * * *
Reactivating autopickup.
The kobold brigand hits the fungus with a +0 short sword.
Something hits the fungus!
Found 5 gold pieces.
The foxfire hits the gnoll shaman.
The gnoll shaman is severely wounded.
The gnoll shaman prays to its god.
The gnoll shaman is healed somewhat.
The orc sorcerer points at you and mumbles some strange words.
You resist with some effort. The gnoll shaman barely misses you.
The gnoll shaman closely misses you. The gnoll shaman misses you.
The gnoll shaman prays to its god.
The gnoll shaman is healed somewhat.
The gnoll shaman calls upon its god to heal the gnoll shaman.
The gnoll shaman's wounds heal themselves!
The orc sorcerer gestures at you while chanting.
The bolt of fire hits the rust devil.
The rust devil completely resists.
The bolt of fire hits you! You resist.
You die...

#.###########
#........ #o.....##
##. #.o....#
P##.##......#
KKK#.........#
##K+.........########.
WKK+........g4........
##K+.......Wg.@.....#
.KK#.##.............#
8K##. #..###........#
###.. #..# #....$...#
# #### ##########


You could see a rust devil (summoned), an orc sorcerer, a shadow, 2 gnoll
shamans and an orc priest.

Vanquished Creatures
  Joseph (D:7)
  3 centaur zombies
  2 kobold demonologists (D:9)
  2 trolls (D:9)
  A wraith (D:9)
  A wyvern (D:9)
  A dancing weapon (D:6)
  Menkaure (D:5)
  10 wargs (D:9)
  Duvessa (D:7)
  4 orc warriors
  2 hornet zombies
  A black bear (D:4)
  2 ice beasts
  A centaur (D:6)
  Blork the orc (D:6)
  8 kobold brigands
  A bullfrog (D:8)
  2 scorpions
  A wyvern zombie (D:8)
  A water moccasin zombie (D:5)
  3 gnoll sergeants (D:9)
  Dowan (D:7)
  A water moccasin skeleton (D:6)
  9 wights
  5 howler monkeys
  A bullfrog zombie (D:5)
  6 hounds
  A centaur skeleton (D:7)
  2 gnoll shamans
  7 orc priests
  2 bullfrog skeletons
  A jelly (D:6)
  4 iguanas
  13 orc wizards
  A killer bee zombie (D:9)
  A howler monkey zombie (D:6)
  13 gnolls
  6 adders
  3 white imps
  2 ufetubi
  3 worms
  2 dart slugs
  18 orcs
  4 bats
  4 endoplasms
  3 giant cockroaches
  4 goblins
  7 hobgoblins
  5 jackals
  4 quokkas
  7 ball pythons
  2 frilled lizards
  24 kobolds
  7 rats
223 creatures vanquished.

Vanquished Creatures (collateral kills)
  3 foxfires
3 creatures vanquished.

Vanquished Creatures (others)
  2 dancing weapons (D:9)
  496 foxfires
  2 fungi (D:9)
  7 plants
507 creatures vanquished.

Grand Total: 733 creatures vanquished

Notes
Turn   | Place    | Note
-------+----------+-------------------------------------------
     0 | D:1      | siradein the Djinni Fire Elementalist began the quest for
                  | the Orb.
     0 | D:1      | Reached XP level 1. HP: 15/15 MP: 0/0
   304 | D:1      | Found a faded altar of an unknown god.
   501 | D:1      | Reached XP level 2. HP: 13/22 MP: 0/0
  1583 | D:2      | Reached XP level 3. HP: 24/26 MP: 0/0
  1583 | D:2      | Learned a level 1 spell: Sting
  1633 | D:2      | Reached skill level 1 in Fighting
  2377 | D:2      | Found the +4 robe of Augmentation {Str+4 Int+4 Dex+4}
  2571 | D:3      | Reached XP level 4. HP: 31/32 MP: 0/0
  2705 | D:3      | Found a shadowy altar of Dithmenos.
  2824 | D:3      | Found a burning altar of Makhleb.
  2832 | D:3      | Became a worshipper of Makhleb the Destroyer
  2971 | D:3      | Found an iron altar of Okawaru.
  2972 | D:3      | Found an ornate altar of the Wu Jian Council.
  3107 | D:3      | Noticed a +0 hand axe
  3107 | D:3      | Noticed a +0 dagger
  3111 | D:3      | Found a hide-covered altar of Uskayaw.
  3269 | D:3      | Found a bloodstained altar of Trog.
  3609 | D:3      | Reached XP level 5. HP: 36/38 MP: 0/0
  3609 | D:3      | Learned a level 2 spell: Static Discharge
  4172 | D:4      | Reached * piety under Makhleb
  4424 | D:4      | Reached XP level 6. HP: 40/45 MP: 0/0
  4746 | D:4      | Found a broken altar of Ashenzari.
  4855 | D:4      | Noticed a black bear
  4860 | D:4      | Killed a black bear
  5210 | D:5      | Entered Level 5 of the Dungeon
  5210 | D:5      | Found a staircase to the Ecumenical Temple.
  5221 | D:5      | Reached XP level 7. HP: 39/50 MP: 0/0
  5221 | D:5      | Learned a level 3 spell: Tukima's Dance
  5261 | D:5      | Noticed Menkaure
  5265 | D:5      | Killed Menkaure
  5674 | D:5      | Reached skill level 5 in Dodging
  5674 | D:5      | Reached skill level 5 in Spellcasting
  5674 | D:5      | Reached XP level 8. HP: 48/58 MP: 0/0
  6103 | D:5      | Found a hazy altar of Hepliaklqana.
  6191 | D:5      | Found an opulent altar of Gozag.
  6472 | D:6      | Reached ** piety under Makhleb
  6801 | D:6      | Found a snail-covered altar of Cheibriados.
  6819 | D:6      | Noticed Blork the orc
  6829 | D:6      | Killed Blork the orc
  6845 | D:6      | Reached skill level 5 in Fighting
  6845 | D:6      | Reached XP level 9. HP: 43/65 MP: 0/0
  6845 | D:6      | Learned a level 3 spell: Ozocubu's Armour
  7777 | D:6      | Found a sparkling altar of Nemelex Xobeh.
  7871 | D:7      | Reached *** piety under Makhleb
  8282 | D:7      | Noticed Dowan
  8283 | D:7      | Noticed Duvessa
  8288 | D:7      | Killed Dowan
  8297 | D:7      | Killed Duvessa
  8444 | D:7      | Noticed Joseph
  8482 | D:7      | Killed Joseph
  8483 | D:7      | Reached XP level 10. HP: 22/72 MP: 0/0
  9162 | D:8      | Found a basalt altar of Yredelemnul.
  9165 | D:8      | Identified the +8 whip "Ohusa" {speed, Contam rCorr Int+7}
 10234 | D:8      | Reached **** piety under Makhleb
 11192 | D:9      | Reached XP level 11. HP: 77/80 MP: 0/0
 11192 | D:9      | Learned a level 4 spell: Animate Dead
 11209 | D:9      | Noticed a two-headed ogre
 11222 | D:9      | Reached ***** piety under Makhleb
 11664 | D:9      | Noticed an orc sorcerer
 11695 | D:9      | Found a runed translucent gate.
 11696 | D:9      | Found a runed translucent gate.
 11696 | D:9      | Found a runed translucent gate.
 11696 | D:9      | Noticed sirJeffrey23's ghost (novice HOGl)
 11705 | D:9      | Killed from afar by an orc sorcerer

Illustrated notes

Levels and vault maps discovered:
D:1:      minmay_arrival_three_doors, layout_basic,
          dilly_ecumenical_altar_fadedgnrine
D:2:      layout_loops_ring, dk_noncrumbling_3, chequers_big_river,
          nicolae_wormholes
D:3:      layout_loops_ring, old_standard_altar, dancing_weapons_uskayaw,
          lemuel_tele_altar, gammafunk_temple_overflow_statue, serial_glass,
          glass_columns_b, glass_columns_a, kennysheep_flooded_box
D:4:      layout_gridville, kennysheep_little_box
D:5:      layout_basic, lemuel_round_altar, worldfamousw_hep_ancestral_shrine,
          minmay_temple_entry_gardened_gates, serial_bayou_pond_b,
          minmay_fractal_squares_gapless_5, uniq_menkaure
D:6:      layout_cave_pools, mainiacjoe_overflow_brackets,
          nicolae_overflow_hidden_temple, lemuel_doored_altar,
          minmay_misc_feat_five, minmay_manual_monolith, uniq_blork_the_orc
D:7:      layout_gridville, uniq_joseph, uniq_duvessa
D:8:      layout_basic, mainiacjoe_overflow_alcove_4, serial_corexii_hall,
          corexii_hall_statues_deadend, chequers_hall_statues_corner_a,
          grunt_ogre_cave
D:9:      lemuel_castle_with_subvaults [lemuel_castle_interior_original],
          layout_irregular_city, trog_butcher_becter,
          gammafunk_ghost_nasty_kobolds

Skill      XL: |  1  2  3  4  5  6  7  8  9 10 11 |
---------------+----------------------------------+-----
Fighting       | 1 2 3 5 6 7 8 |  8.4
Spellcasting   | 3 4 5 6 7 8 9 |  9.6
Dodging        | 3 4 5 6 7 8 9 |  9.5
Stealth        | |  1.5

Action                   |  1- 3 |  4- 6 |  7- 9 | 10-12 || total
-------------------------+-------+-------+-------+-------++-------
Melee: Short sword       |     1 |       |       |       ||     1
 Cast: Foxfire           |    50 |    59 |    85 |   100 ||   294
       Scorch            |     4 |     2 |       |    25 ||    31
       Inner Flame       |       |    15 |    59 |    79 ||   153
       Conjure Flame     |       |     1 |       |     4 ||     5
       Tukima's Dance    |       |       |     3 |     8 ||    11
  Use: Scroll            |       |     4 |     1 |     3 ||     8
Armor: Robe              |     2 |     3 |     9 |     8 ||    22
Dodge: Dodged            |    36 |     6 |    48 |    62 ||   152

Table legend: (Time is in decaauts)
 A = Elapsed time spent in this place.
 B = Non-inter-level travel time spent in this place.
 C = Inter-level travel time spent in this place.
 D = Time resting spent in this place.
 E = Time spent auto-exploring this place.
 F = Levels seen in this place.
 G = Mean time per level.
                   A        B        C        D        E       F      G
               +--------+--------+--------+--------+--------+-----+--------+
         Total |  11700 |  11425 |    275 |     92 |   9541 |   9 | 1300.0 |
       Dungeon |  11700 |  11425 |    275 |     92 |   9541 |   9 | 1300.0 |
               +--------+--------+--------+--------+--------+-----+--------+

Top non-repeatable levels by time:
     D:8: 1404 daAuts
     D:1: 1401 daAuts
     D:6: 1392 daAuts
     D:4: 1360 daAuts
     D:3: 1283 daAuts
     D:5: 1243 daAuts
     D:7: 1228 daAuts
     D:9: 1223 daAuts
     D:2: 1162 daAuts
